 Dungeon Crawl Stone Soup version 0.18.1-6-gd335043 (webtiles) character file.

319 HungrySpirit the Cutter (level 6, -5/37 HPs)
             Began as a Halfling Artificer on May 18, 2016.
             Slain by Duvessa
             ... wielding a +0 rapier
              (15 damage)
             ... on level 4 of the Dungeon.
             The game lasted 00:05:07 (2216 turns).

HungrySpirit the Cutter (Halfling Artificer)        Turns: 2216, Time: 00:05:07

Health: -5/37      AC:  6    Str: 13    XL:     6   Next: 75%
Magic:  9/9        EV: 14    Int: 11    God:
Gold:   101        SH:  0    Dex: 15    Spells: 0 memorised, 5 levels left

rFire  . . .     SeeInvis .     a - +0 short sword
rCold  . . .     Gourm    .     n - +0 scale mail
rNeg   . . .     Faith    .     (shield restricted)
rPois  .         Spirit   .     (no helmet)
rElec  .         Dismiss  .     (no cloak)
rCorr  .         Reflect  .     (no gloves)
SustAt .         Harm     .     (no boots)
MR     +....                    (no amulet)
Stlth  ..........               s - ring of protection from magic
                                t - +2 ring of evasion

@: somewhat resistant to hostile enchantments, extremely unstealthy
A: mutation resistance 1
a: no special abilities


You were on level 4 of the Dungeon.
You were not hungry.

You visited 1 branch of the dungeon, and saw 4 of its levels.

You collected 101 gold pieces.

Inventory:

Hand Weapons
 a - a +0 short sword (weapon)
Armour
 n - a +0 scale mail (worn)
Jewellery
 o - an uncursed ring of ice
 s - a ring of protection from magic (right hand)
 t - a +2 ring of evasion (left hand)
 y - an uncursed ring of flight
Wands
 c - a wand of flame (7/48)
 d - a wand of enslavement (15/24)
 e - a wand of random effects (6/48)
Scrolls
 g - a scroll of remove curse
 i - a scroll of enchant armour {unknown}
 k - a scroll of noise {unknown}
 p - a scroll of immolation
 x - 2 scrolls of amnesia {unknown}
Potions
 b - a potion of flight {unknown}
 j - a potion of haste {unknown}
 m - a potion of resistance {unknown}
 r - 2 potions of agility {unknown}
 u - a potion of lignification {unknown}
 v - a potion of brilliance {unknown}
Comestibles
 f - a bread ration
 h - a beef jerky
 l - 3 meat rations
 q - a royal jelly


   Skills:
 - Level 0.8 Fighting
 * Level 6.8 Short Blades
 - Level 2.1 Dodging
 - Level 1.1 Stealth
 + Level 4.6 Evocations


You had 5 spell levels left.
You didn't know any spells.

Dungeon Overview and Level Annotations

Branches:
Dungeon (4/15)
 Temple: D:4-7

Altars:
Gozag
Nemelex Xobeh
Sif Muna
Trog

Annotations:
D:4 Duvessa


Innate Abilities, Weirdness & Mutations

You are small and have problems with some larger weapons.
You are somewhat resistant to further mutation.


Message History

Duvessa barely misses you.
Unknown command.
Unknown command.
Evoke which item? (* to show all) (? for menu, Esc to quit)
Zapping:
e - a wand of random effects (8/48)
Press: ? - help, Shift-Dir - straight line, f/p - Duvessa
Aim: Duvessa, wielding a rapier (heavily wounded, berserk, fast, unusually strong)
The puff of flame hits Duvessa.
Duvessa is heavily wounded.
This wand has 7 charges left.
Duvessa hits you with a rapier!
* * * LOW HITPOINT WARNING * * *
Unknown command.
Unknown command.
Evoke which item? (* to show all) (? for menu, Esc to quit)
Zapping:
e - a wand of random effects (7/48)
Press: ? - help, Shift-Dir - straight line, f/p - Duvessa
Aim: Duvessa, wielding a rapier (heavily wounded, berserk, fast, unusually strong) Duvessa looks slightly unstable.
This wand has 6 charges left.
Duvessa hits you with a rapier!
You die...

#.# #..
#.# #.#
#)# #
#.#.#
#.#.#
#@..#
#e#.#
#)..#
#......
#.#.##...
#.#.# ##
#.#.# #.#
# #.#


You could see Duvessa (berserk).

Vanquished Creatures
  An ogre (D:4)
  A scorpion (D:3)
  Dowan (D:4)
  An orc priest (D:3)
  3 adders
  2 oozes
  2 worms (D:2)
  A dart slug (D:3)
  6 orcs (D:3)
  7 giant cockroaches
  9 hobgoblins
  3 jackals (D:2)
  11 kobolds
  2 bats (D:3)
  2 giant newts
  6 goblins
  5 rats
63 creatures vanquished.

Notes
Turn   | Place    | Note
--------------------------------------------------------------
     0 | D:1      | HungrySpirit the Halfling Artificer began the quest for the Orb.
     0 | D:1      | Reached XP level 1. HP: 12/12 MP: 3/3
    89 | D:1      | Reached skill level 2 in Short Blades
   300 | D:1      | Reached XP level 2. HP: 18/18 MP: 4/4
   482 | D:1      | Reached skill level 3 in Short Blades
   505 | D:1      | Reached XP level 3. HP: 16/22 MP: 5/5
  1096 | D:2      | Reached skill level 4 in Short Blades
  1096 | D:2      | Reached XP level 4. HP: 27/27 MP: 6/6
  1299 | D:2      | Found a deep blue altar of Sif Muna.
  1300 | D:2      | Found a bloodstained altar of Trog.
  1492 | D:3      | Reached XP level 5. HP: 20/32 MP: 7/7
  1687 | D:3      | Reached skill level 5 in Short Blades
  1715 | D:3      | Found an opulent altar of Gozag.
  1919 | D:3      | Found a sparkling altar of Nemelex Xobeh.
  2190 | D:4      | Noticed an ogre
  2195 | D:4      | Noticed Dowan
  2195 | D:4      | Killed an ogre
  2195 | D:4      | Reached skill level 6 in Short Blades
  2195 | D:4      | Reached XP level 6. HP: 37/37 MP: 9/9
  2203 | D:4      | Noticed Duvessa
  2211 | D:4      | Killed Dowan
  2216 | D:4      | Slain by Duvessa

Skill      XL: |  1  2  3  4  5 |
---------------+----------------+-----
Short Blades   | 2 3 4 6 |  6.8
Evocations     | 4 |  4.6
Fighting       | |  0.8
Dodging        | |  2.1
Stealth        | |  1.1

Action                   |  1- 3 |  4- 6 || total
-------------------------+-------+-------++-------
Melee: Short sword       |   101 |   157 ||   258
Evoke: Wand              |     1 |    16 ||    17
  Use: Scroll            |     2 |       ||     2
 Stab: Sleeping          |     2 |       ||     2
  Eat: Chunk             |       |     4 ||     4
Armor: Leather armour    |     6 |       ||     6
       Scale mail        |    16 |    43 ||    59
Dodge: Dodged            |    68 |   100 ||   168
